Get step-by-step instructions on how to execute this build order below. Start the game timer, and the build order will tick by so you can play in parallel with StarCraft on a second screen or mobile device.

Game Time

  0:00

Last Step

  N/A

Next Step

Upcoming Step



Don't want to look back and forth between 2 screens? Try out our Overwolf App, the Spawning Tool Build Advisor to get an in-game overlay with this build!

Complete Build Order

  12  0:00  Drone  
  13  0:12  Overlord  
  13  0:16  Drone  
  14  0:30  Drone x2  
  16  0:48  Hatchery  
  15  0:52  Drone  
  15  0:55  Drone  
  17  0:59  Drone  
  18  1:10  Extractor  
  17  1:14  Spawning Pool  
  17  1:18  Drone  
  17  1:21  Drone  
  18  1:29  Drone  
  19  1:38  Drone  
  20  1:49  Drone  
  21  2:00  Queen  
  21  2:01  Zergling x4, Queen  
  27  2:11  Drone  
  27  2:12  Overlord  
  28  2:23  Hatchery  
  28  2:25  Drone  
  28  2:30  Drone  
  28  2:34  Drone x2  
  31  2:40  Queen  
  33  2:46  Overlord  
  33  2:50  Metabolic Boost  
  33  2:54  Drone  
  33  2:55  Drone  
  33  2:58  Drone  
  36  3:05  Queen  
  38  3:09  Drone x2  
  38  3:11  Drone  
  41  3:15  Drone x2  
  41  3:17  Drone  
  44  3:24  Overlord  
  44  3:36  Drone  
  44  3:37  Queen, Overlord  
  44  3:38  Queen  
  49  3:42  Drone x3  
  49  3:45  Overlord  
  49  3:47  Drone  
  53  3:51  Drone x2  
  53  3:53  Drone  
  53  3:55  Drone  
  57  3:59  Drone x2  
  59  4:05  Drone x2  
  61  4:10  Overlord  
  61  4:13  Queen  
  61  4:15  Drone x2  
  61  4:17  Drone x3  
  67  4:22  Queen  
  70  4:24  Zergling x2  
  70  4:29  Drone x2  
  73  4:31  Evolution Chamber  
  73  4:36  Drone  
  73  4:37  Lair  
  73  4:38  Spore Crawler  
  71  4:39  Drone x2  
  71  4:40  Spore Crawler x2  
  71  4:45  Drone x3  
  74  4:48  Baneling Nest, Drone  
  74  4:49  Drone x3  
  74  4:50  Extractor  
  74  4:52  Queen  
  78  4:57  Drone x2  
  80  5:00  Zergling x2  
  80  5:01  Overlord  
  80  5:04  Extractor x2  
  80  5:06  Overlord  
  79  5:09  Zerg Ground Armor Level 1, Overlord  
  79  5:11  Drone x2  
  79  5:14  Extractor x2  
  80  5:17  Drone x2  
  80  5:20  Zergling x8  
  85  5:21  Drone  
  85  5:26  Drone x3  
  85  5:28  Drone  
  90  5:32  Drone x3  
  90  5:35  Drone  
  94  5:36  Roach Warren  
  94  5:38  Evolution Chamber  
  94  5:39  Overseer  
  94  5:40  Overseer  
  92  5:44  Drone x2  
  92  5:45  Zergling x2  
  93  5:51  Hatchery  
  93  5:56  Roach Warren  
  87  6:07  Zergling x6  
  90  6:15  Drone  
  90  6:16  Drone x2  
  90  6:17  Overlord  
  92  6:21  Centrifugal Hooks  
  92  6:22  Drone x8  
  92  6:24  Spire  
  99  6:26  Zerg Melee Weapons Level 1  
  99  6:30  Drone x2  
  99  6:31  Drone  
  102  6:34  Drone x4  
  106  6:40  Drone x3  
  106  6:45  Zergling x2  
  110  6:51  Zergling x8  
  110  6:53  Hatchery  
  113  6:57  Zergling x2  
  114  7:02  Overlord  
  114  7:03  Overlord  
  114  7:06  Baneling  
  114  7:07  Baneling x6, Overlord  
  114  7:08  Overlord, Extractor  
  113  7:09  Overlord x2  
  113  7:10  Overlord  
  113  7:12  Overlord  
  113  7:13  Overlord  
  110  7:18  Zergling x6  
  110  7:22  Extractor  
  110  7:23  Queen  
  110  7:25  Drone x3  
  110  7:26  Spore Crawler, Drone  
  110  7:28  Baneling  
  115  7:30  Zergling x14  
  115  7:32  Zergling x4  
  121  7:41  Mutalisk x7  
  135  7:45  Zergling x4  
  135  7:47  Mutalisk  
  136  7:51  Drone  
  136  7:55  Mutalisk x2  
  136  7:57  Zerg Ground Armor Level 2  
  141  7:59  Zerg Flyer Weapons Level 1  
  141  8:04  Drone x3  
  141  8:05  Zergling x12  
  150  8:07  Baneling x5  
  150  8:12  Zergling x8  
  154  8:20  Zergling x8  
  154  8:21  Baneling x4  
  154  8:26  Zergling x24  
  170  8:28  Baneling x2  
  170  8:32  Zergling x4  
  172  8:38  Drone x6  
  176  8:42  Mutalisk x2  
  176  8:43  Infestation Pit  
  179  8:48  Mutalisk x3  
  179  8:54  Spore Crawler, Drone x2  
  186  8:56  Zergling x2, Baneling x7  
  186  8:57  Zergling x6, Overseer  
  186  8:59  Overlord  
  189  9:05  Zergling x2  
  189  9:07  Baneling x17  
  190  9:12  Overlord  
  190  9:14  Overlord  
  190  9:16  Baneling  
  190  9:17  Baneling x5, Overlord  
  190  9:19  Baneling x7  
  177  9:25  Zergling x42  
  177  9:26  Pneumatized Carapace  
  177  9:29  Zergling x2  
  184  9:36  Zergling x2  
  184  9:37  Zergling x10  
  174  9:43  Mutalisk x3  
  170  9:45  Overseer  
  170  9:48  Zerg Melee Weapons Level 2  
  170  9:49  Zergling x12  
  170  9:51  Baneling x5  
  170  9:52  Zergling x14  
  182  9:57  Zergling x2  
  182  9:58  Zergling x4, Baneling x5  
  182  9:59  Queen x2  
  183  10:01  Zergling x2  
  183  10:06  Zergling x6  
  191  10:10  Baneling  
  191  10:11  Zergling x8, Baneling x11  
  193  10:18  Zergling x2  
  193  10:19  Baneling x7, Overlord  
  187  10:25  Zergling x4  
  187  10:27  Hive  
  189  10:36  Overseer  
  189  10:38  Hatchery  
  189  10:39  Zergling x14, Extractor  
  189  10:40  Zergling x6  
  196  10:45  Zergling x22  
  181  10:50  Zergling x6  
  181  10:51  Baneling x13  
  181  10:54  Zergling x8  
  181  11:01  Zergling x8  
  181  11:02  Zergling x2  
  181  11:03  Baneling x5  
  174  11:05  Zergling x4  
  173  11:11  Mutalisk  
  173  11:12  Mutalisk x2  
  173  11:15  Mutalisk  
  173  11:16  Mutalisk  
  181  11:20  Mutalisk  
  181  11:22  Overlord x2  
  183  11:32  Zergling x10  
  183  11:33  Zergling x2  
  183  11:36  Baneling x7, Hatchery, Overlord  
  180  11:45  Zergling x14  
  186  11:50  Zergling x12  
  176  11:54  Zergling x2  
  176  11:55  Zergling x4  
  176  11:56  Baneling x5  
  176  11:59  Mutalisk  
  176  12:00  Mutalisk  
  176  12:01  Overseer  
  183  12:04  Baneling x4  
  181  12:10  Zergling x12  
  181  12:12  Zergling x2  
  181  12:14  Baneling x11  
  180  12:18  Zergling x8  
  176  12:23  Zergling x6  
  176  12:27  Mutalisk x3  
  176  12:29  Baneling x7  
  179  12:30  Zergling x2  
  179  12:36  Zergling x6  
  182  12:41  Zergling x4  
  182  12:43  Zergling x2, Baneling x12  
  182  12:44  Zergling x6  
  179  12:50  Zergling x4  
  176  12:54  Zergling x2  
  176  12:56  Baneling x3  
  176  12:58  Zergling x4  
  174  13:01  Mutalisk x3  
  169  13:07  Zergling x4  
  169  13:11  Zergling x2, Baneling x8  
  169  13:12  Zergling x2  
  168  13:14  Zergling x2  
  168  13:15  Baneling x2  
  168  13:16  Zergling x4  
  171  13:21  Zergling x2  
  171  13:22  Queen x3  
  174  13:32  Zergling x10  
  171  13:35  Zergling x4  
  171  13:37  Baneling x5  
  171  13:38  Mutalisk x2  
  177  13:42  Zerg Ground Armor Level 3  
  177  13:46  Zergling x6  
  180  13:50  Zergling x4  
  182  13:56  Zergling x12  
  182  14:00  Mutalisk x4  
  196  14:03  Zergling x4  
  196  14:05  Baneling x12  
  196  14:06  Zergling x4, Hatchery  
  185  14:22  Zergling x16  
  173  14:29  Mutalisk x5  
  170  14:38  Zergling x18  
  176  14:41  Zergling x2  
  176  14:43  Baneling x13  
  176  14:46  Unknown  
  175  14:53  Zergling x18  
  175  14:56  Zerg Melee Weapons Level 3  
  182  15:04  Zergling x18  
  191  15:12  Zergling x10  
  191  15:13  Hatchery  
  194  15:15  Baneling x5  
  194  15:18  Zergling x6  
  193  15:24  Zergling x6  
  193  15:26  Zergling x10  
  193  15:27  Baneling x10  
  195  15:32  Zergling x8  
  188  15:36  Zergling x8  
  188  15:42  Zergling x10  
  185  15:45  Zergling x4  
  185  15:47  Baneling  
  185  15:49  Baneling x2  
  183  15:54  Zergling x2  
  183  15:55  Zergling x12  
  183  15:56  Zergling x2  
  184  16:14  Mutalisk x4  
  192  16:19  Hatchery  
  191  16:27  Drone x2  
  191  16:28  Mutalisk x3  
  191  16:31  Baneling x12  
  199  16:33  Overseer  
  199  16:35  Zergling x2  
  200  16:44  Baneling x2  
  200  16:49  Baneling  
  200  16:50  Baneling x6  
  194  16:57  Zergling x24  
  197  17:05  Mutalisk x4  
  193  17:15  Zergling x20  
  185  17:20  Zergling x10  
  185  17:22  Baneling x4  
  188  17:28  Zergling x2  
  163  17:33  Mutalisk x2  
  150  17:37  Zergling x2  
  150  17:39  Baneling x7